Map: Bel'Shir Vestige LE (Void)

Players

Railgan

  • Race: Zerg Zerg
  • League: Grandmaster
  • Spawn Location: 11:00

LiquidSnute (Snute) - Winner!

  • Race: Zerg Zerg
  • League: Master
  • Spawn Location: 5:00

VOD

Have the link to the VOD?

Description

Time

  • Played on: March 21, 2017, 8:52 p.m.
  • Length: 7:38
Show
View Real Time Build Order
Export as new Build Order

Railgan Zerg 

Build Orders: Hatch First 

Get SALT Encoding   

  12  0:01  Drone  
  13  0:12  Overlord  
  13  0:17  Drone  
  14  0:30  Drone x2  
  14  0:34  Drone  
  17  0:52  Hatchery  
  17  0:54  Drone  
  17  0:57  Drone  
  18  1:08  Extractor  
  17  1:13  Spawning Pool  
  17  1:15  Drone  
  18  1:18  Drone  
  18  1:28  Drone  
  19  1:38  Overlord  
  19  1:50  Drone  
  20  1:59  Queen  
  20  2:00  Zergling x2  
  23  2:04  Queen  
  23  2:05  Drone  
  26  2:11  Drone  
  27  2:16  Drone  
  27  2:21  Drone  
  29  2:28  Drone  
  30  2:32  Drone  
  30  2:34  Baneling Nest  
  30  2:36  Queen  
  32  2:38  Overlord  
  32  2:42  Queen  
  34  2:44  Drone  
  34  2:49  Zergling x2  
  36  2:56  Drone  
  37  3:00  Drone  
  38  3:06  Drone  
  38  3:09  Overlord  
  38  3:10  Drone  
  40  3:13  Drone  
  40  3:15  Lair, Evolution Chamber  
  40  3:19  Drone  
  42  3:21  Evolution Chamber  
  41  3:33  Drone  
  41  3:38  Roach Warren  
  41  3:39  Baneling x3  
  40  3:42  Drone  
  40  3:43  Drone x4  
  40  3:45  Overlord  
  40  3:46  Drone  
  46  3:49  Zerg Missile Weapons Level 1  
  46  3:51  Drone  
  46  3:54  Drone  
  48  3:56  Extractor  
  48  3:57  Extractor  
  48  3:58  Drone  
  48  4:00  Drone  
  48  4:01  Drone  
  49  4:07  Drone x2  
  51  4:14  Overlord  
  51  4:18  Glial Reconstitution  
  51  4:22  Overlord  
  51  4:23  Drone  
  51  4:24  Roach x2  
  56  4:30  Roach  
  58  4:37  Roach x3  
  64  4:40  Overlord  
  64  4:52  Hatchery  
  63  4:54  Roach x3  
  63  4:56  Roach  
  71  5:02  Hatchery  
  71  5:04  Roach  
  71  5:05  Roach  
  75  5:08  Overlord  
  75  5:11  Roach x2  
  79  5:14  Overlord  
  79  5:22  Roach x2  
  79  5:25  Baneling  
  79  5:26  Overlord  
  79  5:28  Roach  
  85  5:32  Roach  
  85  5:35  Roach  
  89  5:42  Roach  
  97  5:43  Roach x4  
  97  5:46  Drone x2  
  101  6:00  Drone  
  101  6:01  Drone  
  99  6:15  Drone x2  
  99  6:16  Drone x7  
  106  6:23  Drone  
  108  6:25  Drone  
  108  6:26  Extractor, Drone  
  108  6:33  Drone  
  108  6:37  Ravager  
  108  6:38  Ravager  
  111  6:40  Roach  
  111  6:41  Overlord  
  111  6:44  Overlord  
  113  6:49  Overlord  
  113  6:54  Overlord  
  113  6:58  Overlord x2  
  113  7:00  Spore Crawler  
  113  7:02  Roach x6  
  125  7:09  Extractor, Roach  
  125  7:10  Roach x3  
  125  7:15  Roach x2  
  134  7:16  Roach  
  134  7:17  Roach x3  
  134  7:18  Roach x2  
  138  7:25  Ravager  
  120  7:35  Ravager  
Show
View Real Time Build Order
Export as new Build Order

LiquidSnute Zerg - Winner!

Build Orders: Hatch First 

Get SALT Encoding   

  12  0:00  Drone  
  13  0:12  Overlord  
  13  0:17  Drone  
  14  0:30  Drone x2  
  14  0:35  Drone  
  17  0:52  Hatchery  
  17  0:54  Drone  
  17  0:57  Drone  
  17  1:01  Extractor  
  17  1:13  Spawning Pool  
  17  1:16  Drone  
  17  1:20  Drone  
  18  1:28  Overlord  
  18  1:39  Drone  
  19  1:49  Drone  
  20  1:59  Queen  
  20  2:01  Metabolic Boost  
  22  2:03  Drone  
  22  2:05  Queen  
  25  2:09  Drone  
  25  2:12  Drone  
  25  2:15  Drone  
  28  2:21  Drone  
  29  2:26  Drone  
  30  2:32  Zergling x2  
  31  2:37  Zergling x2  
  32  2:45  Zergling x2  
  32  2:48  Overlord  
  32  2:50  Hatchery  
  32  2:54  Baneling Nest, Drone  
  32  2:58  Drone  
  33  3:05  Drone  
  34  3:07  Drone  
  34  3:08  Drone x3  
  38  3:14  Overlord, Zergling x2  
  38  3:16  Drone  
  38  3:18  Drone  
  41  3:24  Drone  
  42  3:28  Drone  
  42  3:33  Drone  
  43  3:39  Zergling x2  
  43  3:41  Drone x3  
  47  3:43  Extractor  
  47  3:46  Drone, Evolution Chamber  
  46  3:49  Drone x3  
  46  3:53  Extractor  
  46  3:55  Drone  
  49  3:56  Lair  
  49  4:00  Roach Warren  
  49  4:01  Drone  
  49  4:05  Drone x2  
  49  4:09  Drone  
  52  4:14  Drone x4  
  52  4:16  Overlord  
  56  4:18  Overlord  
  56  4:19  Drone  
  56  4:22  Overlord  
  56  4:23  Zerg Missile Weapons Level 1  
  57  4:27  Overlord  
  57  4:32  Drone, Overlord  
  57  4:35  Extractor, Queen  
  57  4:37  Drone  
  61  4:38  Drone  
  61  4:49  Roach x5  
  71  4:54  Roach  
  71  4:55  Roach x2  
  71  4:58  Glial Reconstitution  
  77  5:02  Roach x2  
  81  5:09  Roach  
  81  5:10  Roach x2  
  87  5:15  Roach x2  
  91  5:22  Overlord  
  91  5:23  Roach x3  
  91  5:28  Overlord  
  96  5:41  Roach  
  96  5:42  Roach x3  
  104  5:46  Roach x3  
  104  5:47  Overlord  
  104  5:49  Roach  
  112  5:51  Overlord  
  112  5:53  Overlord  
  112  6:05  Roach x3  
  112  6:06  Roach x2  
  116  6:12  Roach x7  
  116  6:16  Ravager  
  127  6:18  Roach  
  127  6:21  Overlord  
  129  6:26  Overlord  
  129  6:38  Overlord  
  129  6:39  Overlord  
  129  6:41  Roach x2  
  129  6:42  Roach x2  
  129  6:45  Roach x2  
  141  6:47  Overlord  
  141  6:49  Roach x2  
  145  6:57  Roach x3  
  145  6:58  Roach  
  155  7:01  Roach  
  155  7:02  Roach  
  155  7:04  Overlord  
  155  7:05  Drone  
  155  7:07  Extractor  
  157  7:08  Drone  
  157  7:11  Roach x2  
Tags
 
Add a new tag
Caveats
  • Supply blocks, unpowered buildings, or Contaminate may cause inaccurate times.
  • Supply counts are checked every 10 seconds.